 Dungeon Crawl Stone Soup version 0.29.0-4-gdea44cf6ec (webtiles) character file.

Game seed: 5262919903683832089

100 qw the Sneak (level 4, -1/28 HPs)
             Began as a Gargoyle Delver on Sept 10, 2022.
             Splashed by a jelly's acid (5 damage)
             ... on level 4 of the Dungeon.
             The game lasted 00:00:16 (1000 turns).

qw the Sneak (Gargoyle Delver)                      Turns: 1000, Time: 00:00:17

Health: -1/28      AC:  2    Str: 17    XL:     4   Next: 73%
Magic:  4/4        EV: 11    Int: 11    God:
Gold:   31         SH:  0    Dex: 11    Spells: 3/3 levels left

rFire   . . .      SeeInvis .   Y - +0 hand axe
rCold   . . .      Faith    .   (no shield)
rNeg    + . .      Spirit   .   b - +0 leather armour
rPois   inf        Reflect  .   (no helmet)
rElec   +          Harm     .   (no cloak)
rCorr   .          Rampage  .   (no gloves)
Will    .....                   (no boots)
Stlth   +++.......              (no amulet)
HPRegen 0.09/turn               (no ring)
MPRegen 0.09/turn               (no ring)

@: corroded
A: sickness immunity, AC +3, negative energy resistance 1, electricity
resistance, torment resistance 1, petrification resistance
a: no special abilities


You were on level 4 of the Dungeon.
You visited 1 branch of the dungeon, and saw 2 of its levels.

You collected 31 gold pieces.


Innate Abilities, Weirdness & Mutations

You are immune to sickness and miasma.
Your stone body is resilient. (AC +3)
You are immune to poison.
You resist negative energy. (rN+)
You are resistant to electric shocks. (rElec)
You are resistant to unholy torment.
You are immune to petrification.


   Skills:
 - Level 3.2 Fighting
 + Level 4.3 Axes
 - Level 1.5 Dodging
 - Level 5.4 Stealth


You had 3 spell levels left.
You didn't know any spells.
Your spell library was empty.

Inventory:

Hand Weapons
 h - a +0 flail
 Y - a +0 hand axe (weapon)
Missiles
 i - a boomerang (quivered)
Armour
 a - a +0 ring mail
 b - a +0 leather armour (worn)
 c - a +2 chain mail of poison resistance
Wands
 g - a wand of digging (3)
Potions
 d - a potion of heal wounds {unknown}
 f - a potion of haste

Dungeon Overview and Level Annotations

Branches:
Dungeon (5/15)
 Temple: D:4-7

Altars:


Message History

The hound is severely wounded.
The hound closely misses you.
You barely miss the hound.
The hound is heavily wounded.
The hound bites you. The hound misses you.
You hit the hound.
The hound is almost dead.
The hound barely misses you. x2
You barely miss the hound.
The hound is almost dead.
The hound bites you but does no damage.
You barely miss the hound.
The hound is almost dead.
The hound bites you. The hound barely misses you.
You barely miss the hound.
The hound is almost dead.
The hound bites you but does no damage. x2
You miss the hound.
The hound is almost dead.
The hound bites you but does no damage.
You closely miss the hound.
The hound is almost dead.
The hound bites you but does no damage. x2
You hit the hound.
You kill the hound!
You start resting.
HP restored.
You now have 31 gold pieces (gained 11).
d - an inky potion
Enter note:
Found a flail.
A jelly comes into view.
The jelly quivers.
The jelly jiggles.
You hit the jelly but do no damage.
Your hands burn!
The jelly hits you.
You are splashed with acid!
You hit the jelly.
Your hands burn!
The jelly is lightly wounded.
The jelly hits you. The acid corrodes you!
You are splashed with acid!
You hit the jelly but do no damage.
Your hands burn!
You die...

........ . ......# .
.. .....# # # #.
....###. ##.#)#
.....$ ##.#.####
...#
##.#....########J.##
................@..#
.........#####...#.#
.......#.# #...### #
.......#.##..###
##.#...#....#
####......##
.........##
####.....# # #.....#


You could see a jelly.

Vanquished Creatures
  2 hounds (D:4)
  2 adders (D:4)
  A worm (D:4)
  5 orcs
  An endoplasm (D:4)
  2 hobgoblins (D:4)
  2 quokkas (D:4)
15 creatures vanquished.

Vanquished Creatures (others)
  3 plants (D:4)
3 creatures vanquished.

Grand Total: 18 creatures vanquished

Notes
Turn   | Place    | Note
-------+----------+-------------------------------------------
     0 | D:5      | qw the Gargoyle Delver began the quest for the Orb.
     0 | D:5      | Reached XP level 1. HP: 14/14 MP: 1/1
     0 | D:5      | 0 ||| qw: Version: 0.1-a-116-g5d60599
     0 | D:5      | 0 ||| qw: Game counter: 9173
     0 | D:5      | 0 ||| qw: Always use a shield: true
     0 | D:5      | 0 ||| qw: God list: Okawaru
     0 | D:5      | 0 ||| qw: Allow faded altars: false
     0 | D:5      | 0 ||| qw: Do Orc after D:15 true
     0 | D:5      | 0 ||| qw: Do second Lair branch before Depths: true
     0 | D:5      | 0 ||| qw: Lair rune preference: random
     0 | D:5      | 0 ||| qw: Plans: Normal
     0 | D:5      | 0 ||| PLANNING D:1-11
   144 | D:5      | 144 ||| READING scroll labelled BUUDIU OFUHE.
   147 | D:5      | 147 ||| DROPPING scroll of fog.
   148 | D:5      | 148 ||| DROPPING scroll of magic mapping.
   149 | D:5      | 149 ||| DROPPING scroll of fear.
   224 | D:4      | 224 ||| Stepping ~*~*~tactically~*~*~ (stealth).
   225 | D:4      | 225 ||| Stepping ~*~*~tactically~*~*~ (stealth).
   231 | D:4      | Reached XP level 2. HP: 16/19 MP: 2/2
   277 | D:4      | Reached skill level 3 in Axes
   306 | D:4      | 306 ||| Stepping ~*~*~tactically~*~*~ (stealth).
   308 | D:4      | 308 ||| Stepping ~*~*~tactically~*~*~ (stealth).
   310 | D:4      | 310 ||| Stepping ~*~*~tactically~*~*~ (stealth).
   311 | D:4      | 311 ||| Stepping ~*~*~tactically~*~*~ (stealth).
   331 | D:4      | Reached XP level 3. HP: 15/23 MP: 3/3
   705 | D:4      | Reached XP level 4. HP: 18/28 MP: 4/4
   999 | D:4      | HP: 4/28 [acid (7)]
  1000 | D:4      | Splashed by a jelly's acid

Levels and vault maps discovered:
D:4:      layout_basic, serial_bayou_crossing
D:5:      layout_loops_ring, minmay_misc_feat_x, hex_large,
          uniq_crazy_yiuf_cottage

Skill      XL: |  1  2  3 |
---------------+----------+-----
Axes           | 2 3 4 |  4.3
Fighting       | |  3.2
Dodging        | |  1.5
Stealth        | |  5.4

Action                   |  1- 3 |  4- 6 || total
-------------------------+-------+-------++-------
Melee: Hand axe          |    40 |    26 ||    66
Throw: Boomerang         |    23 |     2 ||    25
  Use: Scroll            |     1 |       ||     1
Armor: Leather armour    |    19 |    11 ||    30
Dodge: Dodged            |    14 |    16 ||    30

Table legend:
 A = Non-vault XP
 B = Vault XP
 C = Vault XP percentage of total XP
 D = Non-vault monster count
 E = Vault monster count
 F = Vault count percentage of total count
                 A         B        C        D         E       F
            +---------+---------+-------+---------+---------+-------
      Total |     143 |       0 |   0.0 |      15 |       0 |   0.0
            +---------+---------+-------+---------+---------+-------
        D:4 |     140 |       0 |   0.0 |      14 |       0 |   0.0
        D:5 |       3 |       0 |   0.0 |       1 |       0 |   0.0
            +---------+---------+-------+---------+---------+-------
